 Dungeon Crawl Stone Soup version 0.17-a0-995-gb5fa8d7 (webtiles) character file.

137 halfnothing the Conjurer (level 4, -4/33 HPs)
             Began as a Demigod Conjurer on May 12, 2015.
             Slain by a scorpion (5 damage)
             ... on level 3 of the Dungeon.
             The game lasted 00:09:31 (2011 turns).

halfnothing the Conjurer (Demigod Conjurer)         Turns: 2011, Time: 00:09:32

Health: -4/33      AC:  6    Str: 11    XL:     4   Next: 68%
Magic:  1/9        EV: 12    Int: 21    God:
Gold:   117        SH:  0    Dex: 16    Spells: 1 memorised, 5 levels left

rFire  . . .     SeeInvis .     d - +0 short sword
rCold  . . .     Clarity  .     f - +0 robe
rNeg   . . .     SustAb   +     (no shield)
rPois  .         Gourm    .     (no helmet)
rElec  .         Spirit   .     (no cloak)
rCorr  .         Warding  .     (no gloves)
rMut   .         Stasis   .     t - +0 pair of boots
MR     .....                    (no amulet)
Stlth  ++........               (no ring)
                                s - +3 ring of protection

@: lethally poisoned (-4 -> -22), not resistant to hostile enchantments,
unstealthy
A: high mp 1, sustain abilities
a: no special abilities


You were on level 3 of the Dungeon.
You were not hungry.

You visited 1 branch of the dungeon, and saw 3 of its levels.

You collected 117 gold pieces.

Inventory:

Hand weapons
 d - a +0 short sword (weapon)
Armour
 f - a +0 robe (worn)
 t - a +0 pair of boots (worn)
Jewellery
 s - a +3 ring of protection (left hand)
Scrolls
 e - 3 scrolls of identify {unknown}
 h - 2 scrolls of teleportation {unknown}
 k - a scroll of fog {unknown}
 l - 2 scrolls of enchant armour {unknown}
 m - a scroll of remove curse {unknown}
 q - a scroll of enchant weapon {unknown}
 r - a scroll of immolation {unknown}
Potions
 a - a potion of brilliance {unknown}
 j - 2 potions of curing {unknown}
 n - a potion of ambrosia {unknown}
 o - a potion of degeneration {unknown}
 p - 2 potions of heal wounds {unknown}
Books
 b - a book of Conjurations

   Spells                             Type                      Level
   a - Magic Dart                     Conjuration                  1
   b - Searing Ray                    Conjuration                  2
   c - Dazzling Spray                 Conjuration/Hexes            3
   d - Fulminant Prism                Conjuration/Hexes            4
   e - Iskenderun's Mystic Blast      Conjuration                  4
   f - Iskenderun's Battlesphere      Conjuration/Charms           5
Comestibles
 c - 4 bread rations
 g - a meat ration
 i - 4 chunks of flesh


   Skills:
 - Level 1.7 Dodging
 - Level 1.7 Stealth
 - Level 1.7 Spellcasting
 + Level 5.7 Conjurations


You had 5 spell levels left.
You knew the following spells:

 Your Spells              Type           Power        Failure   Level  Hunger
a - Magic Dart            Conj           ####         1%          1    #......


Dungeon Overview and Level Annotations

Branches:
Dungeon (3/15)


Innate Abilities, Weirdness & Mutations

You have an increased reservoir of magic (+10% MP).
Your attributes are resistant to harm.


Message History

The scorpion is heavily wounded.
* * * LOW HITPOINT WARNING * * *
You feel sick. The scorpion stings you.
* * * LOW HITPOINT WARNING * * *
You are more poisoned.
The scorpion poisons you!
You hit the scorpion but do no damage.
The scorpion is heavily wounded.
* * * LOW HITPOINT WARNING * * *
You feel sick. The scorpion closely misses you.
You hit the scorpion.
The scorpion is severely wounded.
* * * LOW HITPOINT WARNING * * *
You feel sick.
The scorpion stings you but does no damage.
You hit the scorpion but do no damage.
The scorpion is severely wounded.
* * * LOW HITPOINT WARNING * * *
You feel sick. The scorpion stings you.
You die...

#..##.##.......
...........#.###..#
..................#
..................
..##..##.)...# #.#
...#..##.###.###.# #
.......[..#..?...##.#
.#..^..#..#.........####
#.#.#.#....).)s@......#
#.#....................
##.#......#...%.........
...#......##.$....###...
...#..#............. ..
......#...#.......... .
...(............#.....
......#...###.###.....
........... .#


You could see a scorpion.

Vanquished Creatures
  An orc wizard (D:3)
  An adder (D:2)
  3 gnolls (D:2)
  A worm (D:3)
  5 orcs (D:3)
  A ball python (D:1)
  9 bats
  3 giant cockroaches
  7 hobgoblins
  6 jackals
  3 giant newts
  7 goblins
  10 kobolds
  A quokka (D:2)
  10 rats
68 creatures vanquished.

Notes
Turn   | Place    | Note
--------------------------------------------------------------
     0 | D:1      | halfnothing the Demigod Conjurer began the quest for the Orb.
     0 | D:1      | Reached XP level 1. HP: 14/14 MP: 5/5
   151 | D:1      | Reached skill level 4 in Conjurations
   234 | D:1      | Reached XP level 2. HP: 20/20 MP: 4/7
   818 | D:1      | Reached XP level 3. HP: 26/26 MP: 2/8
  1111 | D:2      | Reached skill level 5 in Conjurations
  1432 | D:2      | Reached XP level 4. HP: 30/33 MP: 6/9
  2011 | D:3      | HP: 1/33 [poisoned by a scorpion]
  2011 | D:3      | Slain by a scorpion

Vault maps used:
D:1:      zelgadis_glass_arrival_small
D:2:      kennysheep_generic_room_7
D:3:      tso_oasis_becter, first_bread

Action                   |  1- 3 |  4- 6 || total
-------------------------+-------+-------++-------
Melee: Unarmed           |     4 |       ||     4
       Short sword       |    42 |    56 ||    98
 Cast: Magic Dart        |    68 |    35 ||   103
 Stab: Sleeping          |     1 |       ||     1
  Eat: Chunk             |     3 |     2 ||     5
